woodfighter, neutral female human Healer ------ ---------------------------------- #.....| |................................| #|....| |..------|----...---.%--%.-----..| #|..<.| |.@|....|..|...|....|..+..-...|..| #|....| |d.|.. |..|...|....|..|..|...|..| #------ @@Y-|------....||------|..|...|..| ### |ua.....|..|...|.|..|%%|..-----)..#### # |@.-.-.....||---.|(.|!%|)........| # # |.(|..-.-|--..{%.-%-|..|.------..| ### -------# |..|..|.........%.%.-|--.)....|..| # |......# |.S|---|---.----|--.(....|.._.|..| ##.....)| |..| |...| + |..|--+--------|..| |.....| |..| |(.(| |/]|....| |%%.-..| |.....| |..| |(((| |*)|....| |%!.|..| ------- |..- ----- --------- -----..| |.. ..| ---- ---- woodfighter the Embalmer Experience level: 8 Strength: 13 Dexterity: 12 Constitution: 18 Intelligence: 9 Wisdom: 17 Charisma: 18 Health: 0(72) Energy: 58(70) Def: 3 Gold: 0 Moves: 7731 Dungeon seed: RzpcS36QR1ODE8BK Game ID: woodfighter_1508171592 Your Inventory: Weapons T - 60 +0 darts (in quiver) Armor e - a blessed +1 dwarvish cloak (being worn) n - an uncursed +0 dwarvish cloak u - an uncursed +0 leather armor (being worn) Comestibles k - 4 blessed eucalyptus leaves l - a blessed sprig of wolfsbane G - 2 uncursed tripe rations Tools s - an uncursed bag of holding w - an uncursed magic whistle y - an uncursed skeleton key Gems N - an uncursed luckstone Contents of the bag of holding: an uncursed [+0] mummy wrapping a [blessed] potion of object detection an uncursed [+0] pick-axe Spells and supernatural/magical abilities: Name Level Category Fail Memory h - healing 1 healing 8% 62% x - extra healing 3 healing 28% 62% S - stone to flesh 3 healing 42% 62% W - pray for help -- divine ? -- Your skills at the end: Miscellaneous Skills wands [Basic] Weapon Skills knife [Skilled] Spellcasting Skills healing spells [Basic] Final Attributes: You were piously aligned. You were fire resistant. You were poison resistant. Your writing hand was ok. You were telepathic. You were very stealthy. You were lucky. You had extra luck. Bad luck did not time out for you. Good luck did not time out for you. You are dead. Vanquished creatures: 2 giant mimics a dwarf king a leather golem a lynx a giant spider 2 gnome kings an orc mummy a dingo a housecat 2 dwarf lords a water nymph a raven a human zombie 2 imps 2 wood nymphs an orc shaman a rock mole 5 fog clouds 7 gnome lords 4 gnomish wizards a red naga hatchling a black naga hatchling a golden naga hatchling a straw golem 5 paper golems a giant ant 3 floating eyes 3 kittens 6 dwarves a homunculus 4 iguanas 6 rothes 2 rabid rats a giant bat 2 monkeys an orc zombie a wererat 8 coyotes 4 hobbits 2 geckos 2 hobgoblins a giant rat 7 cave spiders a yellow mold a green mold a red mold 30 gnomes 5 garter snakes 6 manes 9 jackals 2 foxes 3 kobolds 13 newts 6 goblins 6 sewer rats 7 grid bugs 2 bats 16 lichens 4 kobold zombies 214 creatures vanquished. Voluntary challenges: You were not invisible. You did not have reflection until turn 5296. You were not displaced. You used a wielded weapon 347 times, starting on turn 42. You did not apply a unicorn horn. You did not use plumbed fixtures. You did not drink any magical draughts. You read items or engraved 4 times, starting on turn 2577. You never genocided any monsters. You never polymorphed an object. You never changed form. You completed Sokoban on turn 5200, according to the rules. You used no wishes. You never split a pudding. You never wrote Elbereth's name. You never violated your personal moral code. Dungeon overview: The Dungeons of Doom: levels 1 to 7 Level 1 a long staircase Level 2 a hardware shop Level 3 a fountain Level 4 a fountain, a sink stairs to The Gnomish Mines Level 5 many fountains Level 6 a potion shop, a fountain stairs to Sokoban Level 7 a fountain The Gnomish Mines: levels 5 to 8 Level 5 stairs to The Dungeons of Doom Level 6 Level 7 Level 8 <- You were here many shops, a temple to Poseidon, a magic chest, a fountain Sokoban: levels 2 to 5 Level 2 a magic chest Level 3 a delicatessen, a magic chest Level 4 Level 5 an altar to Athena, a magic chest stairs to The Dungeons of Doom History has recorded: On T:1 you entered the Dungeons of Doom to retrieve the Amulet of Yendor! On T:62 you reached level 2 of The Dungeons of Doom. On T:610 you advanced to experience level 2. On T:748 you reached level 3 of The Dungeons of Doom. On T:825 you advanced to experience level 3. On T:1005 you reached level 4 of The Dungeons of Doom. On T:1246 you reached level 1 of The Gnomish Mines. On T:1558 you reached level 5 of The Dungeons of Doom. On T:1586 you advanced to experience level 4. On T:1617 you prayed to Hermes. On T:1740 you reached level 6 of The Dungeons of Doom. On T:2000 you advanced to experience level 5. On T:2180 you reached level 7 of The Dungeons of Doom. On T:2483 you reached level 4 of Sokoban. On T:2574 you opened a magic chest. On T:2957 you reached level 3 of Sokoban. On T:3613 you reached level 2 of Sokoban. On T:4116 you reached level 1 of Sokoban. On T:4755 you advanced to experience level 6. On T:5200 you advanced to experience level 7. On T:5200 you entered the Sokoban zoo. On T:5770 you reached level 2 of The Gnomish Mines. On T:6137 you reached level 3 of The Gnomish Mines. On T:6971 you prayed to Hermes. On T:7117 you reached level 4 of The Gnomish Mines. On T:7360 you advanced to experience level 8. On T:7378 you entered the Minetown temple On T:7687 you prayed to Hermes. Score breakdown: Gold: 0 ( 0 points) Experience: 8 levels ( 700 points) Exploration: 8 levels ( 210 points) Discoveries: 22 items ( 1100 points) Variety of kills: 59 monsters ( 2000 points) Major goal: finished Sokoban ( 1000 points) Survival: died (score multiplied by 3) Total score: 15030 Latest messages: The large dog bites the water nymph. The water nymph smiles at the large dog seductively. The water nymph pretends to be friendly to the large dog. The dart hits the giant beetle. The giant beetle is moderately wounded. The large dog bites the water nymph. The water nymph is killed! The dart hits the giant beetle. The giant beetle is moderately wounded. The giant beetle bites! The dart hits the giant beetle. The giant beetle is moderately wounded. The dart hits the giant beetle. The giant beetle is moderately wounded. The giant beetle bites! The dart hits the giant beetle. The giant beetle is moderately wounded. The dart hits the giant beetle. The giant beetle is moderately wounded. The giant beetle bites! You die... Final status: Goodbye woodfighter the Healer, killed by a giant beetle... You died in The Gnomish Mines on dungeon level 8 with 15030 points, and 0 pieces of gold, after 7731 moves. You were level 8 with a maximum of 72 hit points when you died.